 Dungeon Crawl Stone Soup version 0.30-a0-1164-ge08a67761e (webtiles) character file.

Game seed: 13524264369964089225

71 ryw the Cudgeller (level 4, 0/35 HPs)
             Began as a Mummy Fighter on Apr 30, 2023.
             Slain by an orc wizard
             ... wielding a +0 dagger
              (4 damage)
             ... on level 2 of the Dungeon.
             The game lasted 00:01:27 (1306 turns).

ryw the Cudgeller (Mummy Fighter)                   Turns: 1306, Time: 00:01:27

Health: 0/35       AC:  6    Str: 21    XL:     4   Next: 5%
Magic:  4/4        EV: 14    Int:  7    God:
Gold:   80         SH:  4    Dex: 11    Spells: 3/3 levels left

rFire   x . .        a - +0 flail
rCold   + . .        c - +0 buckler
rNeg    + + +        b - +0 scale mail
rPois   ∞            (no helmet)
rElec   .            (no cloak)
rCorr   .            (no gloves)
SInv    .            (no boots)
Will    .....        (no amulet) Stlth
                     e - +5 ring of evasion
HPRegen 0.25/turn    (no ring)
MPRegen 0.09/turn

%: faith
@: about to teleport
A: cold resistance 1, negative energy resistance 3, torment resistance 2, heat
vulnerability 1, in touch with death 1, no potions, faith
a: no special abilities


You were on level 2 of the Dungeon.
You visited 1 branch of the dungeon, and saw 2 of its levels.

You collected 80 gold pieces.

Inventory:

Hand Weapons
 a - a +0 flail (weapon)
Armour
 b - a +0 scale mail (worn)
 c - a +0 buckler (worn)
Jewellery
 e - a +5 ring of evasion (left hand)
Scrolls
 f - a scroll of noise {unknown}
 g - 3 scrolls of identify {unknown}
 h - a scroll of immolation {unknown}


   Skills:
 - Level 3.0 Fighting
 + Level 3.6 Maces & Flails
 - Level 2.4 Armour
 - Level 2.4 Shields


You had 3 spell levels left.
You didn't know any spells.
Your spell library was empty.

Dungeon Overview and Level Annotations

Branches:
Dungeon (2/15)

Altars:


Innate Abilities, Weirdness & Mutations

You are immune to poison.
Your flesh is cold resistant. (rC+)
You are immune to negative energy. (rN+++)
You are immune to unholy pain and torment.
You are vulnerable to heat. (rF-)
You are in touch with the powers of death.
You do not drink.
You have a special connection with the divine. (Faith)


Message History

You barely miss something. Something hits you but does no damage.
You miss something. Something hits you but does no damage.
You closely miss something. Something barely misses you. Something hits you.
You barely miss something. Something hits you.
You miss something. Something hits you but does no damage.
You miss something. Something hits you but does no damage. Something hits you.
You hit something but do no damage.
You hear some strange, mumbled words.
You are confused.
You closely miss something. Something hits you but does no damage.
You bump into the rock wall.
Something hits you.
You miss something. Something hits you but does no damage.
You bump into the rock wall.
Something hits you.
The rat twitches its whiskers.
You bump into the rock wall.
You hear some strange, mumbled words.
A puff of flame appears from out of thin air!
The puff of flame misses you.
You bump into the rock wall.
Something hits you but does no damage.
You barely miss something.
You feel less confused. Something hits you.
You hear some strange, mumbled words.
Something tries to affect you, but you resist.
You barely miss something.
You hear some strange, mumbled words.
A magic dart appears from out of thin air!
The magic dart hits you.
* * * LOW HITPOINT WARNING * * *
You miss something. Something hits you.
* * * LOW HITPOINT WARNING * * *
You barely miss something.
You hear some strange, mumbled words.
A magic dart appears from out of thin air!
The magic dart hits you.
* * * LOW HITPOINT WARNING * * *
As you read the scroll labelled LOWOH WUOH, it crumbles to dust.
You feel strangely unstable.
It was a scroll of teleportation.
Something hits you.
You die...

#.# #.# #.. #.# .. # #.#
#.## # #.# #...# # #.#
$.#.$#. ####.########
.###..S ^...........#
#######..#....
###..#......###.@{orS......#
#...............########..##
#.#######...##### ..# #...#
#.# #..## ..# #.## #.# #.#
#.# #.# #.# #.#


You could see an adder, an orc and a rat.

Vanquished Creatures
  An orc priest (D:2)
  An adder (D:2)
  A dart slug (D:2)
  An orc (D:2)
  5 ball pythons
  2 endoplasms (D:1)
  2 giant cockroaches
  2 goblins
  2 hobgoblins (D:1)
  2 jackals (D:1)
  4 kobolds (D:1)
  3 bats
  2 frilled lizards (D:1)
28 creatures vanquished.

Notes
Turn   | Place    | Note
-------+----------+-------------------------------------------
     0 | D:1      | ryw the Mummy Fighter began the quest for the Orb.
     0 | D:1      | Reached XP level 1. HP: 18/18 MP: 1/1
   123 | D:1      | Reached XP level 2. HP: 24/24 MP: 2/2
  1131 | D:2      | Gained mutation: You are in touch with the powers of death.
                  | [Mummy growth]
  1131 | D:2      | Reached XP level 3. HP: 29/29 MP: 3/3
  1275 | D:2      | Reached XP level 4. HP: 28/35 MP: 4/4
  1306 | D:2      | Slain by an orc wizard

Illustrated notes

Levels and vault maps discovered:
D:1:      lemuel_arrival_lava_pool, layout_basic
D:2:      layout_loops_ring, minmay_strange_pillars

Skill      XL: |  1  2  3 |
---------------+----------+-----
Maces & Flails | 2 3 |  3.6
Fighting       | |  3.0
Armour         | |  2.4
Shields        | |  2.4

Action                     |  1- 3 |  4- 6 || total
---------------------------+-------+-------++-------
  Melee: Flail             |    91 |    24 ||   115
    Use: Scroll            |       |     1 ||     1
 Armour: Scale mail        |    32 |    11 ||    43
  Dodge: Dodged            |    68 |     3 ||    71
  Block: Buckler           |    23 |       ||    23

Table legend: (Time is in decaauts)
 A = Elapsed time spent in this place.
 B = Non-inter-level travel time spent in this place.
 C = Inter-level travel time spent in this place.
 D = Time resting spent in this place.
 E = Time spent auto-exploring this place.
 F = Levels seen in this place.
 G = Mean time per level.
                   A        B        C        D        E       F      G
               +--------+--------+--------+--------+--------+-----+--------+
         Total |   1339 |   1306 |     33 |      0 |   1053 |   2 |  669.5 |
       Dungeon |   1339 |   1306 |     33 |      0 |   1053 |   2 |  669.5 |
               +--------+--------+--------+--------+--------+-----+--------+

Top non-repeatable levels by time:
     D:1: 1060 daAuts
     D:2: 278 daAuts
